[Event "SVK-ch Open 2018"]
[Site "Banska Stiavnica"]
[Date "2018.07.10"]
[Round "4"]
[White "Brozyna, Mateusz"]
[Black "Redzisz, Michal"]
[Result "1-0"]
[ECO "B76"]
[WhiteElo "2098"]
[BlackElo "1937"]
[Annotator "NA"]
[PlyCount "113"]
[EventDate "2018.07.07"]
[EventType "swiss"]
[EventCountry "SVK"]
[SourceTitle "playchess.com"]
[Source "ChessBase"]
[SourceQuality "1"]
[TimeControl "40/5400+30:1800+30"]

1. e4 c5 2. Nf3 d6 3. d4 cxd4 4. Nxd4 Nf6 $11 {[%emt 0:00:00] LiveBook: 94874 Games} 5. Nc3 g6 6. Be3 Bg7 7. f3 O-O 8. Qd2 Nc6 9. O-O-O d5 10. Nxc6 bxc6 11. Bh6 e6 12. h4 Qa5 13. Bxg7 Kxg7 14. h5 Ng8 15. Qd4+ f6 16. hxg6 hxg6 17. exd5 cxd5 18. Qh4 Rf7 19. Qh7+ Kf8 20. Qxg6 Rg7 21. Qd3 Rb8 22. Rh4 Qb6 23. Na4 Qf2 24. Qa3+ Re7 25. Rg4 Rbb7 26. Qc5 Qxc5 27. Nxc5 Rbc7 28. b4 Nh6 29. Rg6 Ng8 30. Bd3 Rg7 31. Rxg7 Rxg7 32. g4 Ne7 33. b5 e5 34. Rh1 Kf7 35. Rh8 Rg8 36. Rh6 e4 37. fxe4 Rxg4 38. Rh8 Kg7 39. Re8 Kf7 40. Rd8 Be6 41. Kb2 dxe4 42. Nxe4 f5 43. Nc5 Bc4 44. Bxc4+ Rxc4 45. Nd3 Ke6 46. Kb3 Rg4 47. Ra8 f4 48. Rxa7 f3 49. Ra6+ Kd5 50. Rf6 Rg3 51. a4 Nc8 52. Kb4 Nd6 53. Nf2 Nb7 54. a5 Rg1 55. Rxf3 Rb1+ 56. Rb3 Rc1 57. Rd3+ 1-0

[Event "SVK-ch Open 2018"]
[Site "Banska Stiavnica"]
[Date "2018.07.10"]
[Round "4"]
[White "Kerdik, Adam"]
[Black "Hyll, Jan"]
[Result "1-0"]
[ECO "D35"]
[WhiteElo "2091"]
[BlackElo "1915"]
[Annotator "NA"]
[PlyCount "45"]
[EventDate "2018.07.07"]
[EventType "swiss"]
[EventCountry "SVK"]
[SourceTitle "playchess.com"]
[Source "ChessBase"]
[SourceQuality "1"]
[TimeControl "40/5400+30:1800+30"]

1. d4 d5 2. c4 e6 3. Nc3 Nf6 4. cxd5 exd5 5. Bg5 Be7 6. e3 c6 7. Bd3 O-O 8. Nge2 Ne4 9. Bxe7 Qxe7 10. Qc2 f5 11. Nf4 Nxc3 12. bxc3 Be6 13. Rb1 b6 14. g4 g6 15. Nxe6 Qxe6 16. gxf5 gxf5 17. Rg1+ Kh8 18. Rg5 f4 19. Bf5 Qh6 20. exf4 Qxh2 21. Qe2 Qh6 22. Rh5 Qxh5 23. Qxh5 1-0

[Event "SVK-ch Open 2018"]
[Site "Banska Stiavnica"]
[Date "2018.07.10"]
[Round "4"]
[White "Pniaczek, Marek"]
[Black "Gelle, Istvan"]
[Result "1/2-1/2"]
[ECO "B18"]
[WhiteElo "2082"]
[BlackElo "2344"]
[Annotator "NA"]
[PlyCount "118"]
[EventDate "2018.07.07"]
[EventType "swiss"]
[EventCountry "SVK"]
[SourceTitle "playchess.com"]
[Source "ChessBase"]
[SourceQuality "1"]
[TimeControl "40/5400+30:1800+30"]

1. e4 c6 2. d4 d5 3. Nc3 dxe4 4. Nxe4 Bf5 5. Ng3 Bg6 6. Nh3 $11 {[%emt 0:00:00] LiveBook: 776 Games} e6 7. Nf4 Bd6 8. Nfh5 Kf8 9. Be2 Qh4 10. Be3 Nf6 11. Nxf6 gxf6 12. Nh5 Nd7 13. Bf3 Bxh5 14. Bxh5 f5 15. Bf3 Rg8 16. g3 Qf6 17. Qd2 Nb6 18. Bf4 Rd8 19. O-O-O Bxf4 20. Qxf4 Qg5 21. Qxg5 Rxg5 22. b3 Ke7 23. c4 Rgg8 24. a4 a5 25. Rhe1 Kf6 26. Re5 Rxd4 27. Rxf5+ Kxf5 28. Rxd4 Ke5 29. Re4+ Kd6 30. Rh4 Rg7 31. Kd2 f5 32. g4 fxg4 33. Bxg4 Nd7 34. Bh3 Rf7 35. Ke3 Nc5 36. Rh6 Re7 37. f4 Nxb3 38. f5 Nc5 39. fxe6 Nxa4 40. Bf5 Nc5 41. Bxh7 Rxe6+ 42. Rxe6+ Kxe6 43. Kd4 b6 44. Bc2 Nb7 45. Be4 Nd8 46. Bc2 Nf7 47. h4 Nh6 48. Be4 Nf5+ 49. Kc3 Ne7 50. h5 Kf6 51. h6 b5 52. cxb5 cxb5 53. Bd3 Nd5+ 54. Kd4 Nc7 55. Kc5 b4 56. Bc2 Ne6+ 57. Kb5 Nd4+ 58. Kxa5 Nxc2 59. Ka4 Ke5 1/2-1/2

[Event "SVK-ch Open 2018"]
[Site "Banska Stiavnica"]
[Date "2018.07.10"]
[Round "4"]
[White "Sosovicka, Jakub"]
[Black "Jozefek, Michal"]
[Result "0-1"]
[ECO "B90"]
[WhiteElo "2078"]
[BlackElo "2182"]
[Annotator "NA"]
[PlyCount "74"]
[EventDate "2018.07.07"]
[EventType "swiss"]
[EventCountry "SVK"]
[SourceTitle "playchess.com"]
[Source "ChessBase"]
[SourceQuality "1"]
[TimeControl "40/5400+30:1800+30"]

1. e4 c5 2. Nf3 d6 3. d4 cxd4 4. Nxd4 Nf6 5. Nc3 a6 6. Nb3 b5 7. Be3 e6 8. f3 Be7 9. Qd2 Bb7 10. O-O-O Nbd7 11. g4 h6 12. Qf2 Rc8 13. h4 Rxc3 14. bxc3 Qc7 15. Bd3 d5 16. g5 Nh5 17. Rhg1 hxg5 18. hxg5 Qxc3 19. Bd4 Qc7 20. g6 e5 21. gxf7+ Kxf7 22. Bb2 d4 23. Qg2 g5 24. Qg4 Bc8 25. Qf5+ Bf6 26. Qh3 Nb6 27. Qf1 Nc4 28. Bxc4+ bxc4 29. Na1 Nf4 30. Rh1 Rh3 31. Rxh3 Bxh3 32. Qe1 c3 33. Nb3 cxb2+ 34. Kxb2 Bg2 35. Qb4 Bxf3 36. Nc5 Bxd1 37. Qc4+ Kg7 0-1

[Event "SVK-ch Open 2018"]
[Site "Banska Stiavnica"]
[Date "2018.07.10"]
[Round "4"]
[White "Volcko, Richard"]
[Black "Stockova, Zuzana"]
[Result "0-1"]
[ECO "B30"]
[WhiteElo "2068"]
[BlackElo "2301"]
[Annotator "NA"]
[PlyCount "56"]
[EventDate "2018.07.07"]
[EventType "swiss"]
[EventCountry "SVK"]
[SourceTitle "playchess.com"]
[Source "ChessBase"]
[SourceQuality "1"]
[TimeControl "40/5400+30:1800+30"]

1. e4 c5 2. Nf3 Nc6 3. d3 e6 4. Nbd2 d6 5. g3 g6 6. Bg2 Bg7 7. O-O {[%emt 0:01:18] LiveBook: 40 Games} Nge7 8. c3 b5 9. Re1 $11 Rb8 10. Nf1 b4 11. d4 bxc3 12. bxc3 cxd4 13. cxd4 O-O 14. Be3 d5 15. e5 Nf5 16. h4 f6 17. Bf4 fxe5 18. dxe5 Rb4 19. Qd2 Qb6 20. Rac1 Bd7 21. Ne3 Ncd4 22. Nxf5 Nxf5 23. Bh3 Nxg3 24. Be3 Ne4 25. Qe2 Qb8 26. Bc5 Nxc5 27. Rxc5 Re4 28. Qd3 Rxf3 0-1

[Event "SVK-ch Open 2018"]
[Site "Banska Stiavnica"]
[Date "2018.07.10"]
[Round "4"]
[White "Ferkova, Dominika"]
[Black "Druska, Juraj"]
[Result "0-1"]
[ECO "E24"]
[WhiteElo "2053"]
[BlackElo "2439"]
[Annotator "NA"]
[PlyCount "110"]
[EventDate "2018.07.07"]
[EventType "swiss"]
[EventCountry "SVK"]
[SourceTitle "playchess.com"]
[Source "ChessBase"]
[SourceQuality "1"]
[TimeControl "40/5400+30:1800+30"]

1. d4 Nf6 2. c4 e6 3. Nc3 Bb4 4. a3 Bxc3+ 5. bxc3 b6 6. e3 Bb7 7. f3 Nc6 8. Bd3 Na5 9. e4 Ba6 10. Qe2 $11 c5 11. d5 d6 12. Nh3 Nd7 13. Bg5 f6 14. Bf4 Qe7 15. Bg3 exd5 16. cxd5 Bxd3 17. Qxd3 c4 18. Qe2 O-O 19. O-O Nc5 20. Nf4 Rae8 21. Bf2 Nab3 22. Ra2 f5 23. Qxc4 fxe4 24. Ne6 Nxe6 25. dxe6 Qxe6 26. Qxe6+ Rxe6 27. Re2 Rfe8 28. Rfe1 d5 29. fxe4 Rxe4 30. Rxe4 Rxe4 31. Rb1 Nd2 32. Rd1 Re2 33. Be1 Nc4 34. Bf2 Rd2 35. Ra1 Nd6 36. Be1 Rd3 37. Kf2 Nc4 38. a4 Kf7 39. Ra2 Rd1 40. Ke2 Rb1 41. a5 bxa5 42. Ra4 Ke6 43. Bg3 Rc1 44. Be1 Ke5 45. Ra2 Ke4 46. h3 a6 47. Bd2 Rg1 48. Kf2 Rb1 49. Ke2 Rb2 50. Rxb2 Nxb2 51. Be1 Nc4 52. Kd1 Kd3 53. Kc1 a4 54. Kb1 Ke2 55. Bh4 Kd2 0-1

[Event "SVK-ch Open 2018"]
[Site "Banska Stiavnica"]
[Date "2018.07.10"]
[Round "4"]
[White "Tepper, Frantisek"]
[Black "Slaba, Andrea"]
[Result "1/2-1/2"]
[ECO "B06"]
[WhiteElo "2050"]
[BlackElo "1936"]
[Annotator "NA"]
[PlyCount "50"]
[EventDate "2018.07.07"]
[EventType "swiss"]
[EventCountry "SVK"]
[SourceTitle "playchess.com"]
[Source "ChessBase"]
[SourceQuality "1"]
[TimeControl "40/5400+30:1800+30"]

1. e4 g6 2. d4 Bg7 3. Nc3 d6 4. Be3 c6 5. Qd2 b5 6. a3 a6 7. f4 Bb7 8. Nf3 e6 9. Bd3 Nd7 10. Ne2 c5 11. c3 Ngf6 12. Ng3 cxd4 13. cxd4 d5 14. e5 Ne4 15. Bxe4 dxe4 16. Ng5 Nb6 17. N5xe4 Nc4 18. Qe2 O-O 19. O-O h5 20. b3 Nxe3 21. Qxe3 h4 22. Ne2 Qd5 23. N2c3 Qd8 24. Ne2 Qd5 25. N2c3 Qxb3 1/2-1/2

[Event "SVK-ch Open 2018"]
[Site "Banska Stiavnica"]
[Date "2018.07.10"]
[Round "4"]
[White "Panko, Radoslav"]
[Black "Seres, Bela"]
[Result "1-0"]
[ECO "B23"]
[WhiteElo "2049"]
[BlackElo "2212"]
[Annotator "NA"]
[PlyCount "63"]
[EventDate "2018.07.07"]
[EventType "swiss"]
[EventCountry "SVK"]
[SourceTitle "playchess.com"]
[Source "ChessBase"]
[SourceQuality "1"]
[TimeControl "40/5400+30:1800+30"]

1. e4 c5 2. Nc3 g6 3. h4 Nc6 4. h5 Bg7 5. d3 d6 6. Nge2 e6 7. Be3 Nd4 8. Qd2 Ne7 9. h6 Bf6 10. Bxd4 cxd4 11. Nd1 Nc6 12. c4 O-O 13. g3 Rb8 14. f4 b5 15. Rc1 bxc4 16. Rxc4 Qb6 17. Bg2 d5 18. exd5 exd5 19. Bxd5 Nb4 20. Be4 Ba6 21. Rc1 Qb5 22. Nf2 Nxa2 23. Ra1 Qxb2 24. Rxa2 Qb1+ 25. Nd1 Be7 26. O-O Qb6 27. Qa5 Bb7 28. Qxb6 axb6 29. Nf2 f5 30. Bxb7 Rxb7 31. Nxd4 Rd8 32. Nc6 1-0

[Event "SVK-ch Open 2018"]
[Site "Banska Stiavnica"]
[Date "2018.07.10"]
[Round "4"]
[White "Bednar, Jan"]
[Black "Babinsky, Michal"]
[Result "1-0"]
[ECO "A46"]
[WhiteElo "2010"]
[BlackElo "1762"]
[Annotator "NA"]
[PlyCount "71"]
[EventDate "2018.07.07"]
[EventType "swiss"]
[EventCountry "SVK"]
[SourceTitle "playchess.com"]
[Source "ChessBase"]
[SourceQuality "1"]
[TimeControl "40/5400+30:1800+30"]

1. d4 Nf6 2. Nf3 d6 3. c4 g6 4. Nc3 Bg7 5. e4 Nbd7 6. Be2 O-O 7. O-O e5 8. Bg5 c6 9. d5 Qc7 10. Nd2 cxd5 11. cxd5 a6 12. Rc1 Qb8 13. a4 b6 14. b4 a5 15. bxa5 Rxa5 16. Nc4 Ra8 17. Rb1 Ba6 18. Na3 Nc5 19. Bxa6 Rxa6 20. Qe2 Nfd7 21. Nc4 f6 22. Be3 Rc8 23. a5 Bf8 24. Bxc5 Nxc5 25. Nxb6 Rc7 26. Nc4 Rb7 27. Rxb7 Qxb7 28. Rb1 Qd7 29. Nb5 Qd8 30. Nc3 Qc7 31. h3 Ra7 32. Kh2 Rb7 33. Rb6 Rxb6 34. axb6 Qb8 35. Qa2 Be7 36. Qa7 1-0

[Event "SVK-ch Open 2018"]
[Site "Banska Stiavnica"]
[Date "2018.07.10"]
[Round "4"]
[White "Bakalar, Jan"]
[Black "Paksi, Gyula"]
[Result "1-0"]
[ECO "D02"]
[WhiteElo "1998"]
[BlackElo "1811"]
[Annotator "NA"]
[PlyCount "71"]
[EventDate "2018.07.07"]
[EventType "swiss"]
[EventCountry "SVK"]
[SourceTitle "playchess.com"]
[Source "ChessBase"]
[SourceQuality "1"]
[TimeControl "40/5400+30:1800+30"]

1. d4 d5 2. Nf3 Nf6 3. g3 c6 4. Bg2 Nbd7 5. O-O e6 6. b3 Be7 7. Nbd2 b6 8. c4 Bb7 9. Bb2 dxc4 10. Nxc4 c5 11. e3 Rc8 12. Rc1 O-O 13. Nfe5 Bxg2 14. Kxg2 cxd4 15. Bxd4 Bc5 16. Nxd7 Nxd7 17. Bb2 Qe7 18. Qf3 Rfd8 19. Rfd1 Nf8 20. h4 Rxd1 21. Rxd1 Rd8 22. Rxd8 Qxd8 23. Qg4 f6 24. Qe2 Qd7 25. Nd2 e5 26. Ne4 Be7 27. f3 Qd5 28. Nc3 Qd7 29. Qc4+ Qe6 30. Nd5 Bd6 31. e4 g6 32. Nxf6+ Kf7 33. Nd5 Nd7 34. Qa6 Bb8 35. Qb7 Kg8 36. Qxd7 1-0

[Event "SVK-ch Open 2018"]
[Site "Banska Stiavnica"]
[Date "2018.07.10"]
[Round "4"]
[White "Chrenko, Kristian"]
[Black "Juhaniak, Lubomir"]
[Result "1-0"]
[ECO "C10"]
[WhiteElo "1992"]
[BlackElo "1732"]
[Annotator "NA"]
[PlyCount "99"]
[EventDate "2018.07.07"]
[EventType "swiss"]
[EventCountry "SVK"]
[SourceTitle "playchess.com"]
[Source "ChessBase"]
[SourceQuality "1"]
[TimeControl "40/5400+30:1800+30"]

1. e4 e6 2. d4 d5 3. Nd2 dxe4 4. Nxe4 Nd7 5. Nf3 Ngf6 6. Nxf6+ Nxf6 7. Bd3 c5 8. dxc5 Bxc5 9. O-O h6 10. Qe2 a6 11. c4 O-O 12. Bd2 Qb6 13. b4 Be7 14. c5 Qc7 15. Bc3 Nd5 16. Be5 Qd8 17. Rad1 Bd7 18. Qe4 f5 19. Qd4 Bf6 20. Rfe1 Re8 21. Bxf5 exf5 22. Qxd5+ Be6 23. Qxd8 Raxd8 24. Bxf6 Rxd1 25. Rxd1 gxf6 26. Re1 Kf7 27. Nd4 Bxa2 28. Rxe8 Kxe8 29. Nxf5 Kd7 30. Nd4 Bc4 31. f4 Kc7 32. Kf2 b6 33. cxb6+ Kxb6 34. Ke3 Bf1 35. g4 Bh3 36. Kf3 Bf1 37. Ke4 Bb5 38. Kf5 Bd7+ 39. Kxf6 Bxg4 40. Ke5 Kc7 41. f5 Kd7 42. f6 Bh5 43. Nf5 Kc6 44. Kd4 Kd7 45. Nxh6 Ke6 46. f7 Ke7 47. Kc5 Be2 48. Kb6 Bd3 49. Ng4 Be2 50. Ne5 1-0

[Event "SVK-ch Open 2018"]
[Site "Banska Stiavnica"]
[Date "2018.07.10"]
[Round "4"]
[White "Gyerpal, Adrian"]
[Black "Chmiel, Marcin"]
[Result "0-1"]
[ECO "E06"]
[WhiteElo "1990"]
[BlackElo "2249"]
[Annotator "NA"]
[PlyCount "134"]
[EventDate "2018.07.07"]
[EventType "swiss"]
[EventCountry "SVK"]
[SourceTitle "playchess.com"]
[Source "ChessBase"]
[SourceQuality "1"]
[TimeControl "40/5400+30:1800+30"]

1. d4 d5 2. c4 e6 3. Nf3 Nf6 4. g3 Be7 5. Bg2 O-O 6. O-O c6 7. Qc2 b6 8. Nbd2 Bb7 9. Re1 Na6 10. e4 dxe4 11. Nxe4 c5 12. Nxf6+ Bxf6 13. Ng5 Bxg5 14. Bxg5 Qc8 15. Bxb7 Qxb7 16. Qe4 Qxe4 17. Rxe4 f6 18. Be3 Kf7 19. dxc5 Nxc5 20. Rd4 Rfd8 21. Rad1 Rxd4 22. Rxd4 Ke7 23. b4 Na6 24. a3 Rc8 25. f4 Nb8 26. c5 bxc5 27. bxc5 Rd8 28. Rd6 Rc8 29. Kf1 Rc6 30. Ke2 a6 31. Rd3 Nd7 32. Rc3 g6 33. h3 e5 34. fxe5 fxe5 35. a4 Ke6 36. Rb3 Rc7 37. Kd2 Kd5 38. Rd3+ Ke4 39. Rc3 Rc6 40. Bf2 Nf6 41. Rd3 h5 42. a5 Kf5 43. Bg1 Ne4+ 44. Ke2 g5 45. Re3 g4 46. h4 Rc7 47. Rb3 Nxc5 48. Rc3 Ne6 49. Rxc7 Nxc7 50. Kd3 Ke6 51. Kc4 Kd6 52. Ba7 Nd5 53. Bc5+ Kc6 54. Bf8 Nf6 55. Bg7 Nd7 56. Bh6 Kd6 57. Bg5 Nc5 58. Bd2 Ne4 59. Bb4+ Kc6 60. Be1 Nd6+ 61. Kd3 Kd5 62. Bf2 Nf5 63. Ke2 Ke4 64. Be1 Nd4+ 65. Kf2 Kd3 66. Bb4 Nc2 67. Bc5 e4 0-1

[Event "SVK-ch Open 2018"]
[Site "Banska Stiavnica"]
[Date "2018.07.10"]
[Round "4"]
[White "Mandak, Miroslav"]
[Black "Polyik, Peter"]
[Result "1/2-1/2"]
[ECO "D02"]
[WhiteElo "1989"]
[BlackElo "2311"]
[Annotator "NA"]
[PlyCount "63"]
[EventDate "2018.07.07"]
[EventType "swiss"]
[EventCountry "SVK"]
[SourceTitle "playchess.com"]
[Source "ChessBase"]
[SourceQuality "1"]
[TimeControl "40/5400+30:1800+30"]

1. d4 d5 2. Nf3 Nf6 3. Bf4 c5 4. e3 Nc6 5. c3 Qb6 6. Qb3 c4 {[%emt 0:00:54] LiveBook: 625 Games} 7. Qc2 $15 Bf5 8. Qc1 Nh5 9. Bg3 f6 10. Nh4 Be6 11. Be2 Nxg3 12. hxg3 Bf7 13. Nd2 e5 14. Nhf3 Qa5 15. O-O b5 16. dxe5 fxe5 17. b4 Qb6 18. a4 bxa4 19. Rxa4 e4 20. Nd4 Nxd4 21. exd4 h5 22. Qa3 Rh6 23. Ra1 a6 24. Nf1 Qb7 25. Qc1 Rd8 26. Ne3 Rf6 27. Ra5 g6 28. Bd1 Bh6 29. Ba4+ Kf8 30. Qe1 Kg7 31. Bd1 Be8 32. Ba4 1/2-1/2

[Event "SVK-ch Open 2018"]
[Site "Banska Stiavnica"]
[Date "2018.07.10"]
[Round "4"]
[White "Budinsky, Martin"]
[Black "Kanakova, Natalie"]
[Result "0-1"]
[ECO "B26"]
[WhiteElo "1985"]
[BlackElo "2206"]
[Annotator "NA"]
[PlyCount "66"]
[EventDate "2018.07.07"]
[EventType "swiss"]
[EventCountry "SVK"]
[SourceTitle "playchess.com"]
[Source "ChessBase"]
[SourceQuality "1"]
[TimeControl "40/5400+30:1800+30"]

1. e4 c5 2. Nc3 Nc6 3. g3 g6 4. Bg2 Bg7 5. d3 d6 6. Be3 e5 7. Qd2 Nd4 8. Nd5 $11 {[%emt 0:04:50] LiveBook: 14 Games} Be6 9. c3 Bxd5 10. cxd4 exd4 11. exd5 dxe3 12. fxe3 Nf6 13. Ne2 O-O 14. O-O Ng4 15. h3 Ne5 16. Nf4 Qg5 17. Kh2 Rae8 18. Rae1 Qh6 19. Qe2 Re7 20. a3 Rc8 21. Qd1 Rec7 22. d4 Nd7 23. Re2 Qg5 24. dxc5 Rxc5 25. Nd3 R5c7 26. e4 Ne5 27. Nxe5 Bxe5 28. Qd3 h5 29. Kh1 Bxg3 30. Re3 Be5 31. Re2 Rc1 32. Ref2 f6 33. Qb5 Qg3 0-1

[Event "SVK-ch Open 2018"]
[Site "Banska Stiavnica"]
[Date "2018.07.10"]
[Round "4"]
[White "Sandor, Martin"]
[Black "Bombek, Peter"]
[Result "0-1"]
[ECO "C11"]
[WhiteElo "1968"]
[BlackElo "2201"]
[Annotator "NA"]
[PlyCount "144"]
[EventDate "2018.07.07"]
[EventType "swiss"]
[EventCountry "SVK"]
[SourceTitle "playchess.com"]
[Source "ChessBase"]
[SourceQuality "1"]
[TimeControl "40/5400+30:1800+30"]

1. e4 e6 2. d4 d5 3. Nc3 Nf6 4. e5 Nfd7 $1 {[%emt 0:00:06] LiveBook: 8299 Games} 5. f4 c5 6. Nf3 Nc6 7. Be3 Be7 8. Qd2 O-O 9. O-O-O c4 10. g4 $17 b5 11. Nxb5 Rb8 12. Nd6 Nb6 13. b3 Bxd6 14. exd6 Qxd6 15. c3 cxb3 16. axb3 Bd7 17. Bb5 Na5 18. Qa2 Bxb5 19. Qxa5 Be2 20. Ne5 Bxd1 21. Rxd1 Nd7 22. Nxd7 Qxd7 23. Kc2 Rfc8 24. Ra1 Rb7 25. Qa6 Rbc7 26. Bd2 Qe7 27. Qd3 Qh4 28. Qg3 Qxg3 29. hxg3 h6 30. Ra6 Rb8 31. Bc1 Rb6 32. Ra1 Rcb7 33. b4 Kh7 34. Kd3 Kg6 35. Ke3 a6 36. Bd2 Ra7 37. Kd3 f5 38. g5 Ra8 39. Be3 hxg5 40. fxg5 Rh8 41. Bf4 Rh3 42. Ke3 Rc6 43. Kd3 Rh5 44. Ra5 Rh8 45. Ra3 Kh5 46. Ra5 Rhc8 47. Ra3 Kg4 48. Kd2 g6 49. Kd3 Rh8 50. Ra5 Kf3 51. Be5 Rhc8 52. Ra3 Rc4 53. Bf4 Kg4 54. Kd2 R4c6 55. Kd3 a5 56. b5 Rb6 57. Rxa5 Rc4 58. Kd2 Rb7 59. Kd3 Rc8 60. Kd2 Rh8 61. Kd3 Rh1 62. Ra6 Rxb5 63. Rxe6 Rb2 64. Rd6 Rd1+ 65. Ke3 Rc2 66. Rxd5 Rxc3+ 67. Ke2 Ra1 68. Kd2 Rf3 69. Rb5 Ra2+ 70. Ke1 Rd3 71. Re5 Rxd4 72. Re6 Re4+ 0-1

[Event "SVK-ch Open 2018"]
[Site "Banska Stiavnica"]
[Date "2018.07.10"]
[Round "4"]
[White "Jencopala, Alexander"]
[Black "Balogh, Peter"]
[Result "0-1"]
[ECO "B06"]
[WhiteElo "1943"]
[BlackElo "2097"]
[Annotator "NA"]
[PlyCount "58"]
[EventDate "2018.07.07"]
[EventType "swiss"]
[EventCountry "SVK"]
[SourceTitle "playchess.com"]
[Source "ChessBase"]
[SourceQuality "1"]
[TimeControl "40/5400+30:1800+30"]

1. e4 g6 2. d4 Bg7 3. Nc3 d6 4. Nf3 a6 5. a4 Bg4 6. Be2 Nc6 7. Be3 e5 8. d5 Nce7 9. Nd2 Bd7 10. O-O f5 11. f3 Nf6 12. b4 f4 13. Bf2 g5 14. b5 h5 15. b6 g4 16. Nc4 Nc8 17. Rb1 Nxb6 18. Bxb6 cxb6 19. Nxd6+ Kf8 20. Nc4 Rc8 21. Nxe5 Rxc3 22. Ng6+ Kg8 23. Nxh8 Kxh8 24. Bd3 g3 25. Qd2 Nxd5 26. Bxa6 Ne3 27. Bb5 Rxc2 28. Qxd7 Rxg2+ 29. Kh1 Rxh2+ 0-1

[Event "SVK-ch Open 2018"]
[Site "Banska Stiavnica"]
[Date "2018.07.10"]
[Round "4"]
[White "Tomanek, Rafael"]
[Black "Kostolansky, Sebastian Lukas"]
[Result "0-1"]
[ECO "A48"]
[WhiteElo "1939"]
[BlackElo "2197"]
[Annotator "NA"]
[PlyCount "78"]
[EventDate "2018.07.07"]
[EventType "swiss"]
[EventCountry "SVK"]
[SourceTitle "playchess.com"]
[Source "ChessBase"]
[SourceQuality "1"]
[TimeControl "40/5400+30:1800+30"]

1. d4 Nf6 2. Nf3 g6 3. c4 Bg7 4. Nc3 O-O 5. e4 d6 6. h3 c5 7. d5 e5 8. Be3 Na6 9. g4 Nc7 10. Bd3 Bd7 11. a4 Na6 12. Qd2 Nb4 13. Ke2 a6 14. Ne1 b5 15. axb5 axb5 16. Nc2 Nxd3 17. Qxd3 b4 18. Rxa8 Qxa8 19. Ra1 Qb7 20. Nd1 Ra8 21. f3 Rxa1 22. Nxa1 Qa6 23. Nb3 Ne8 24. Nd2 f5 25. Bg5 Qc8 26. Ne3 h6 27. Bh4 fxg4 28. hxg4 Bf6 29. Ng2 Bxh4 30. Nxh4 Qd8 31. Ng2 h5 32. gxh5 Qg5 33. Ne3 Nf6 34. Ndf1 Nxh5 35. Qb1 Nf4+ 36. Kd2 Qh4 37. Kc2 Qf2+ 38. Kb3 Ne2 39. Ka2 Nc3+ 0-1

[Event "SVK-ch Open 2018"]
[Site "Banska Stiavnica"]
[Date "2018.07.10"]
[Round "4"]
[White "Budinsky, Jozef"]
[Black "Hrbek, Stepan"]
[Result "0-1"]
[ECO "B24"]
[WhiteElo "1931"]
[BlackElo "2129"]
[Annotator "NA"]
[PlyCount "111"]
[EventDate "2018.07.07"]
[EventType "swiss"]
[EventCountry "SVK"]
[SourceTitle "playchess.com"]
[Source "ChessBase"]
[SourceQuality "1"]
[TimeControl "40/5400+30:1800+30"]

1. e4 c5 2. Nc3 Nc6 3. g3 g6 4. Bg2 Bg7 5. Nge2 e5 6. d3 Nge7 7. Be3 d6 8. Qd2 Nd4 9. O-O O-O 10. a4 Be6 11. f4 f5 12. Nd5 Nxd5 13. exd5 Nxe2+ 14. Qxe2 Bd7 15. c3 Qe7 16. Qd2 Rae8 17. Rfe1 Qf7 18. fxe5 Bxe5 19. Bh6 Bg7 20. Bxg7 Qxg7 21. a5 Qf6 22. h4 Qd8 23. Qf4 Qf6 24. Qd2 Kg7 25. Rxe8 Rxe8 26. Rf1 Qe5 27. Qf4 Qe3+ 28. Qxe3 Rxe3 29. Rf3 Rxf3 30. Bxf3 Kf6 31. d4 cxd4 32. cxd4 g5 33. Kf2 Bb5 34. Ke3 Bc4 35. Bg2 h6 36. Bf3 Kg6 37. b4 Kf6 38. Bg2 Kg6 39. Bf3 Ba2 40. Kf2 Bb1 41. Ke3 Kf6 42. Bg2 Ba2 43. Bf3 Bb1 44. Bg2 Kg6 45. Bf3 a6 46. Kf2 gxh4 47. gxh4 Be4 48. Kg3 f4+ 49. Kxf4 Bxf3 50. Kxf3 Kf5 51. h5 Kg5 52. Ke4 Kg4 53. Ke3 Kxh5 54. Kf4 Kg6 55. Kg4 Kf6 56. Kf4 {[%emt 0:01:16] Ke5+} 0-1

[Event "SVK-ch Open 2018"]
[Site "Banska Stiavnica"]
[Date "2018.07.10"]
[Round "4"]
[White "Huncar, Martin"]
[Black "Bojda, Lubomir"]
[Result "0-1"]
[ECO "B11"]
[WhiteElo "1840"]
[BlackElo "2064"]
[Annotator "NA"]
[PlyCount "140"]
[EventDate "2018.07.07"]
[EventType "swiss"]
[EventCountry "SVK"]
[SourceTitle "playchess.com"]
[Source "ChessBase"]
[SourceQuality "1"]
[TimeControl "40/5400+30:1800+30"]

1. e4 c6 2. Nc3 d5 3. Nf3 Bg4 4. h3 Bxf3 5. Qxf3 e6 6. exd5 cxd5 7. Bb5+ Nc6 8. b3 Nf6 9. Bb2 Bd6 10. O-O O-O 11. Bxc6 bxc6 12. Ne2 Nd7 13. Ng3 Qg5 14. d3 Ne5 15. Qh5 Qxh5 16. Nxh5 f6 17. g4 Nf3+ 18. Kg2 Nh4+ 19. Kg1 e5 20. Kh1 Rae8 21. Rae1 Bc5 22. Re2 g6 23. Ng3 Bd6 24. Rfe1 Nf3 25. Rf1 Ng5 26. Kg2 Ne6 27. Kh2 Nf4 28. Ree1 Bb4 29. Rd1 Rf7 30. c4 Rd7 31. a3 Ba5 32. b4 Bc7 33. c5 Rb8 34. Bc3 Kf7 35. f3 Ke6 36. Rfe1 d4 37. Bb2 a5 38. Bc1 Nd5 39. bxa5 Bxa5 40. Rf1 Ne3 41. Rfe1 Nxd1 42. Rxd1 Rb1 43. Rf1 Rdb7 44. f4 exf4 45. Bxf4 R7b2+ 46. Kg1 Rxf1+ 47. Kxf1 f5 48. gxf5+ gxf5 49. Ne2 Bc3 50. Bd6 Kd7 51. Nf4 Bd2 52. Ne2 Be3 53. Be5 Ke6 54. Bxd4 Rxe2 55. Kxe2 Bxd4 56. a4 Bxc5 57. Kf3 Ke5 58. a5 Ba7 59. a6 Kd4 60. Kf4 Kxd3 61. Kxf5 c5 62. Kg5 c4 63. Kh6 c3 64. Kxh7 c2 65. h4 c1=Q 66. h5 Qa3 67. h6 Qxa6 68. Kh8 Qxh6+ 69. Kg8 Qg6+ 70. Kf8 Bc5# 0-1

[Event "SVK-ch Open 2018"]
[Site "Banska Stiavnica"]
[Date "2018.07.10"]
[Round "4"]
[White "Gonda, Jozef"]
[Black "Bartek, Ladislav"]
[Result "0-1"]
[ECO "A45"]
[WhiteElo "1832"]
[BlackElo "2049"]
[Annotator "NA"]
[PlyCount "64"]
[EventDate "2018.07.07"]
[EventType "swiss"]
[EventCountry "SVK"]
[SourceTitle "playchess.com"]
[Source "ChessBase"]
[SourceQuality "1"]
[TimeControl "40/5400+30:1800+30"]

1. d4 Nf6 2. Bg5 Ne4 3. Bf4 c5 4. dxc5 Qa5+ 5. c3 Qxc5 6. Be3 Qb5 7. Qc2 d5 8. Nf3 Nc6 9. Nbd2 e5 10. a4 Qa6 11. Nxe4 dxe4 12. Qxe4 Be6 13. Ng5 Bb3 14. f4 f6 15. Nf3 O-O-O 16. fxe5 Nxe5 17. Nxe5 fxe5 18. Bg5 Rd7 19. Qxe5 Qg6 20. Bf4 Bd6 21. Qe3 Rf8 22. g3 Re8 23. Qxa7 Bxf4 24. gxf4 Qd6 25. Qa8+ Kc7 26. Qxe8 Qd2+ 27. Kf2 Qxf4+ 28. Kg1 Qg5+ 29. Bg2 Bd5 30. Qxd7+ Kxd7 31. e4 Qe3+ 32. Kf1 Bc4# 0-1

[Event "SVK-ch Open 2018"]
[Site "Banska Stiavnica"]
[Date "2018.07.10"]
[Round "4"]
[White "Sarkozi, Szabolcs"]
[Black "Lukac, Roman"]
[Result "1/2-1/2"]
[ECO "A45"]
[WhiteElo "1808"]
[BlackElo "2089"]
[Annotator "NA"]
[PlyCount "83"]
[EventDate "2018.07.07"]
[EventType "swiss"]
[EventCountry "SVK"]
[SourceTitle "playchess.com"]
[Source "ChessBase"]
[SourceQuality "1"]
[TimeControl "40/5400+30:1800+30"]

1. d4 Nf6 2. Bf4 d6 3. Nc3 Nbd7 4. Nf3 g6 5. e4 Bg7 6. Qd2 c6 7. Bd3 O-O 8. O-O-O Qa5 9. Bh6 Rd8 10. Bxg7 Kxg7 11. h4 Nf8 12. Kb1 Bg4 13. Rdg1 e5 14. Qe3 Bxf3 15. gxf3 exd4 16. Qxd4 Ne6 17. Qe3 Qe5 18. Ne2 Nh5 19. Rg4 Nf6 20. Rg5 Nxg5 21. hxg5 Nh5 22. f4 Qc5 23. Qf3 Kf8 24. f5 Ke7 25. Ng3 Nxg3 26. Qxg3 Rh8 27. f4 Kd7 28. e5 Rae8 29. Re1 Rhf8 30. Qh3 Kc7 31. Qxh7 gxf5 32. a3 Kb6 33. Qxf5 dxe5 34. fxe5 a5 35. Re4 Qg1+ 36. Ka2 Rg8 37. Qxf7 Qxg5 38. Qb3+ Ka7 39. Qc3 Qd8 40. Ra4 Kb8 41. Rxa5 Rg5 42. Be4 1/2-1/2